 Dungeon Crawl Stone Soup version 0.27-a0-1287-gca74d27db6 (webtiles) character file.

Game seed: 16447286290635735286

47 freelancePsychic the Grasshopper (level 3, 0/28 HPs)
             Began as a Demonspawn Warper on June 15, 2021.
             Slain by a goblin (3 damage)
             ... on level 2 of the Dungeon.
             The game lasted 00:04:09 (2460 turns).

freelancePsychic the Grasshopper (DsWr)             Turns: 2460, Time: 00:04:09

Health: 0/28       AC:  7    Str: 12    XL:     3   Next: 48%
Magic:  6/6        EV:  9    Int: 14    God:
Gold:   45         SH:  0    Dex: 12    Spells: 6/6 levels left

rFire    . . .     SeeInvis .   e - +0 dagger (venom)
rCold    . . .     Faith    .   (no shield)
rNeg     . . .     Spirit   .   i - +0 scale mail
rPois    .         Reflect  .   (helmet restricted)
rElec    .         Harm     .   (no cloak)
rCorr    .         Rampage  .   (no gloves)
Will     .....                  (no boots)
Stlth    ..........             (no amulet)
HPRegen  0.09/turn              (no ring)
MPRegen  0.10/turn              (no ring)

@: brilliant
A: horns 1, sharp scales 1
a: no special abilities


You were on level 2 of the Dungeon.
You visited 1 branch of the dungeon, and saw 2 of its levels.

You collected 45 gold pieces.

Inventory:

Hand Weapons
 e - a +0 dagger of venom (weapon)
Missiles
 b - 6 javelins (quivered)
Armour
 a - a +0 leather armour
 i - a +0 scale mail (worn)
Jewellery
 f - a ring of flight
Scrolls
 c - a scroll of identify {@r1}
 j - a scroll of enchant armour


   Skills:
 + Level 2.5 Fighting
 + Level 1.1 Short Blades
 - Level 0.8 Throwing
 - Level 0.8 Armour
 - Level 1.8 Dodging
 - Level 1.8 Unarmed Combat
 + Level 2.4 Spellcasting
 + Level 3.0 Translocations


You had 6 spell levels left.
You didn't know any spells.
Your spell library contained the following spells:

 Spells                   Type           Power      Damage    Failure   Level
 Blink                    Tloc           N/A        N/A       45%         2
 Gell's Gravitas          Tloc           7%         N/A       71%         3
 Lesser Beckoning         Tloc           7%         N/A       71%         3
 Teleport Other           Tloc           15%        N/A       71%         3
 Manifold Assault         Tloc           15%        N/A       100%        5


Dungeon Overview and Level Annotations

Branches:
Dungeon (2/15)

Altars:

Shops:
D:2 (

Annotations:
D:2 Sigmund


Innate Abilities, Weirdness & Mutations

You have a pair of small horns on your head.
You are partially covered in razor-sharp scales. (AC +1, Slay +1)


Message History

The magic dart hits you.
Sigmund points at you and mumbles some strange words.
The magic dart hits you but does no damage.
Sigmund laughs darkly.
Sigmund casts a spell at you.
The magic dart hits you but does no damage.
A goblin comes into view. It is wielding a +0 dagger.
The goblin shouts!
You see here a scroll of identify {@r1}.
c - a scroll of identify {@r1} Sigmund points at you and mumbles some strange words.
The magic dart hits you.
Sigmund points at you and mumbles some strange words.
You resist with significant effort. The goblin hits you with a +0 dagger.
You closely miss the goblin. The goblin barely misses you.
Sigmund points at you and mumbles some strange words.
You are confused.
The goblin hits you but does no damage.
It was a potion of brilliance.
You feel clever all of a sudden. The goblin hits you with a +0 dagger.
The goblin hits you with a +0 dagger. Sigmund completely misses you.
You feel less confused. The goblin hits you but does no damage.
Sigmund hits you from afar with a +0 scythe.
The goblin barely misses you. Sigmund casts a spell at you.
The puff of flame hits you!
* * * LOW HITPOINT WARNING * * *
Found 23 arrows.
The goblin hits you but does no damage.
Sigmund gestures wildly while chanting.
Sigmund flickers and vanishes!
Deactivating autopickup; reactivate with Ctrl-A.
Found a stone staircase leading up.
The goblin hits you but does no damage.
Something unseen opens the door.
There is a stone staircase leading up here.
The goblin hits you with a +0 dagger.
You die...

..... ..... .. # ...... #.#
# ...... ###..### #
#####...... #.......
#######'#.......... #.......
#.......{.......... #.......
#.........g@..#+## #.......
#............##.# #.......
#.............#.# #######..#
#.............#.# #.....##.#
#.............#.# #.....##.#
#.............#.# #.....##@#
#...............# #.....##.#
#...............###.....##'#
#...............#.......)...


You could see a goblin.

Vanquished Creatures
  An adder (D:2)
  2 ball pythons (D:1)
  5 endoplasms
  A goblin (D:1)
  A hobgoblin (D:1)
  11 jackals
  2 quokkas (D:2)
  2 bats (D:1)
  3 frilled lizards (D:1)
  3 kobolds
  A rat (D:1)
32 creatures vanquished.

Vanquished Creatures (collateral kills)
  A dart slug (D:1)
  A kobold (D:1)
2 creatures vanquished.

Grand Total: 34 creatures vanquished

Notes
Turn   | Place    | Note
-------+----------+-------------------------------------------
     0 | D:1      | freelancePsychic the Demonspawn Warper began the quest for
                  | the Orb.
     0 | D:1      | Reached XP level 1. HP: 16/16 MP: 3/3
   429 | D:1      | Gained mutation: You are partially covered in razor-sharp
                  | scales. (AC +1, Slay +1) [demonic ancestry]
   429 | D:1      | Reached XP level 2. HP: 15/22 MP: 5/5
  1448 | D:1      | Reached skill level 3 in Translocations
  1827 | D:2      | Gained mutation: You have a pair of small horns on your
                  | head. [demonic ancestry]
  1827 | D:2      | Reached XP level 3. HP: 28/28 MP: 6/6
  1836 | D:2      | Reached skill level 1 in Short Blades
  1839 | D:2      | Found Kilyk's Weapon Boutique.
  2354 | D:2      | Noticed Sigmund
  2444 | D:2      | HP: 1/28 [Sigmund/puff of flame (9)]
  2460 | D:2      | Slain by a goblin

Illustrated notes

Levels and vault maps discovered:
D:1:      tarquinn_simple_flora_water_c, layout_basic,
          chequers_serial_rivers_room_a
D:2:      layout_basic, shapermc_ecumenical_altar_mp_vishouse, serial_shops,
          nicolae_shop_trees, uniq_sigmund

Skill      XL: |  1  2  3 |
---------------+----------+-----
Translocations | 3 |  3.0
Short Blades   | 1 |  1.1
Fighting       | |  2.5
Throwing       | |  0.8
Armour         | |  0.8
Dodging        | |  1.8
Unarmed Combat | |  1.8
Spellcasting   | |  2.4

Action                   || total
-------------------------++-------
Melee: Dagger            ||    90
       Unarmed           ||     7
       Headbutt          ||     3
Throw: Boomerang         ||     5
  Use: Scroll            ||     3
       Potion            ||     4
 Stab: Sleeping          ||     1
Armor: Leather armour    ||    16
       Scale mail        ||    32
Dodge: Dodged            ||    55

Table legend: (Time is in decaauts)
 A = Elapsed time spent in this place.
 B = Non-inter-level travel time spent in this place.
 C = Inter-level travel time spent in this place.
 D = Time resting spent in this place.
 E = Time spent auto-exploring this place.
 F = Levels seen in this place.
 G = Mean time per level.
                   A        B        C        D        E       F      G
               +--------+--------+--------+--------+--------+-----+--------+
         Total |   2457 |   2439 |     18 |    335 |   1775 |   2 | 1228.5 |
       Dungeon |   2457 |   2439 |     18 |    335 |   1775 |   2 | 1228.5 |
               +--------+--------+--------+--------+--------+-----+--------+

Top non-repeatable levels by time:
     D:1: 1797 daAuts
     D:2: 660 daAuts
